 Seeded DCSS version 0.25.1-8-g42b30a86e7 (webtiles) character file.

Game seed: 20201210 (custom seed)

3073 radhat240 the Covert (level 9, -3/78 HPs)
             Began as a Naga Assassin on Dec 14, 2020.
             Was a Priest of Dithmenos.
             Slain by a two-headed ogre
             ... wielding a +0 giant club
              (16 damage)
             ... on level 8 of the Dungeon.
             The game lasted 00:43:46 (7142 turns).

radhat240 the Covert (Naga Assassin)                Turns: 7142, Time: 00:43:46

Health: -3/78      AC: 11    Str: 15    XL:     9   Next: 88%
Magic:  5/9        EV: 11    Int: 11    God:    Dithmenos [***...]
Gold:   339        SH:  0    Dex: 16    Spells: 7/8 levels left

rFire    + . .     SeeInvis +   l - +8 dagger "Nayrioqem" {elec, rElec rN+++ Str-5 Stlth+}
rCold    . . .     Gourm    .   (no shield)
rNeg     + + +     Faith    .   w - +1 leather armour
rPois    +         Spirit   .   (no helmet)
rElec    +         Reflect  .   c - +1 cloak
rCorr    .         Harm     .   q - +2 pair of gloves
MR       +....                  (no barding)
Stlth    +++++++++.             i - amulet of regeneration
HPRegen  0.63/turn              n - +6 ring of strength
MPRegen  0.11/turn              x - ring of protection from fire

@: wreathed by umbra, very slow
A: large, see invisible, deformed body, poison resistance, slowness 2, slow
metabolism 1, spit poison 1, AC +3
a: Spit Poison, Shadow Step, Renounce Religion


You were on level 8 of the Dungeon.
You worshipped Dithmenos.
Dithmenos was most pleased with you.
You were not hungry.

You visited 2 branches of the dungeon, and saw 9 of its levels.
You also visited: Sewer.

You collected 339 gold pieces.

Inventory:

Hand Weapons
 a - a +2 dagger
 j - a +4 dagger
 l - the +8 dagger "Nayrioqem" (weapon) {elec, rElec rN+++ Str-5 Stlth+}
   (You found it on level 5 of the Dungeon)

   Occasionally, upon striking a foe, it will discharge some electrical energy
   and cause terrible harm.
   It affects your strength (-5).
   It insulates you from electricity.
   It renders you almost immune to negative energy.
   It makes you more stealthy.
Missiles
 d - 50 poisoned darts (quivered)
 e - 2 curare-tipped darts
 h - 11 atropa-tipped darts
Armour
 b - a +0 robe
 c - a +1 cloak (worn)
 q - a +2 pair of gloves (worn)
 w - a +1 leather armour (worn)
Jewellery
 i - an amulet of regeneration (around neck)
 n - a +6 ring of strength (left hand)
 t - an uncursed amulet of faith
 x - a ring of protection from fire (right hand)
 F - a cursed -4 ring of slaying {unknown}
Scrolls
 k - 2 scrolls of fear
 o - 3 scrolls of amnesia
 r - 3 scrolls of remove curse
 v - 6 scrolls of teleportation
 y - 3 scrolls of blinking {unknown}
 z - a scroll of immolation
 C - a scroll of magic mapping {unknown}
 D - a scroll of enchant weapon {unknown}
 E - a scroll of noise {unknown}
Potions
 g - 2 potions of might {unknown}
 m - 2 potions of ambrosia {unknown}
 p - a potion of haste
 s - 2 potions of curing
 u - a potion of brilliance {unknown}
 A - 2 potions of magic {unknown}
 B - a potion of heal wounds {unknown}
Comestibles
 f - 18 rations


   Skills:
 + Level 4.2 Fighting
 * Level 6.9 Short Blades
 + Level 2.1 Throwing
 + Level 3.4 Armour
 * Level 3.6 Dodging
 * Level 13.6 Stealth
 * Level 3.0 Translocations


You had 7 spell levels left.
You knew the following spells:

 Your Spells              Type           Power        Failure   Level  Hunger
a - Apportation           Tloc           #.....       13%         1    ##.....

Your spell library contained the following spells:

 Spells                   Type           Power        Failure   Level  Hunger
 Animate Skeleton         Necr           N/A          41%         1    ##.....
 Corona                   Hex            #......      41%         1    ##.....
 Summon Small Mammal      Summ           #...         41%         1    ##.....


Dungeon Overview and Level Annotations

Branches:
Dungeon (8/15)             Temple (1/1) D:6           Sewer (visited)
   Lair: D:8-11

Altars:
Ashenzari
Dithmenos
Elyvilon
Fedhas
Gozag
Hepliaklqana
Kikubaaqudgha
Nemelex Xobeh
Ru
Trog
Uskayaw
Vehumet
Wu Jian
Xom
Yredelemnul

Portals:
Bailey: D:8

Annotations:
D:8 Joseph


Innate Abilities, Weirdness & Mutations

You cannot wear boots.
Your serpentine skin is tough. (AC +3)
You have supernaturally acute eyesight. (SInv)
Armour fits poorly on your strangely shaped body.
Your system is resistant to poisons. (rPois)
You cover ground very slowly.
You have a slow metabolism.
You can spit poison.


Message History

You kill the worker ant!
Dithmenos accepts your kill.
Aiming: Shadow Step
Press: ? - help, Dir - move target cursor, f - two-headed ogre
Aim: a two-headed ogre, wielding a +0 giant club and a +0 giant spiked club (umbra)
You step into the two-headed ogre's shadow.
The ice beast closely misses you.
Found a stone staircase leading up.
The ice beast hits you but does no damage.
The two-headed ogre hits you but does no damage.
The two-headed ogre hits you with a +0 giant spiked club!
The iguana barely misses you.
The ice beast hits you but does no damage.
There is a flagged portal here.
The two-headed ogre hits you with a +0 giant club!!
The two-headed ogre hits you with a +0 dire flail!
The two-headed ogre hits you with a +0 giant club!!
* * * LOW HITPOINT WARNING * * *
The two-headed ogre hits you with a +0 giant spiked club!
You die...

.........†.
#...#.......#...######..
#........<....# ##.
#......8......# #.
..............# #.
#...8.....8...# #.
#............# ####
#.#.....O...# ##...
...8...@Y..8# ####..##
.......lO...# ##....###
............# ##†.####
....8.....8..##†.##
................##
.......8.....####
............##
............#
.....##....#


You could see 2 two-headed ogres, an ice beast and an iguana.

Vanquished Creatures
  Harold (D:7)
  Pikel (D:5)
  A hippogriff (D:7)
  An ice beast (D:5)
  An orc warrior (D:6)
  A slave (D:5)
  A black bear (D:7)
  2 ogres
  A centaur (D:6)
  2 bullfrogs
  4 killer bees
  A jelly (D:5)
  5 crimson imps
  A quasit (D:7)
  4 orc wizards
  A hound (D:5)
  2 orc priests
  A bullfrog skeleton (D:5)
  An iguana (D:5)
  6 worker ants
  4 gnolls
  8 adders
  A shadow imp (D:7)
  An ooze (D:2)
  2 adder skeletons
  5 worms
  4 dart slugs
  6 leopard geckos
  15 orcs
  6 ball pythons (Sewer)
  6 bats (D:1)
  8 giant cockroaches
  6 goblins
  14 hobgoblins
  8 jackals
  13 kobolds
  8 frilled lizards
  12 rats
  4 plants (Sewer)
169 creatures vanquished.

Vanquished Creatures (others)
  A hound (D:5)
  A leopard gecko skeleton (D:5)
2 creatures vanquished.

Grand Total: 171 creatures vanquished

Notes
Turn   | Place    | Note
-------+----------+-------------------------------------------
     0 | D:1      | radhat240 the Naga Assassin began the quest for the Orb.
     0 | D:1      | Reached XP level 1. HP: 19/19 MP: 1/1
    67 | D:2      | Reached skill level 6 in Stealth
    80 | D:2      | Found a radiant altar of Vehumet.
    81 | D:2      | Found a basalt altar of Yredelemnul.
    82 | D:2      | Found a shadowy altar of Dithmenos.
    90 | D:2      | Became a worshipper of Dithmenos the Shadowed
   235 | D:4      | Reached XP level 2. HP: 26/26 MP: 2/2
   242 | D:4      | Reached skill level 7 in Stealth
   242 | D:4      | Reached XP level 3. HP: 32/32 MP: 3/3
   439 | D:5      | Entered Level 5 of the Dungeon
   479 | D:5      | Got a faintly glowing dagger
   480 | D:5      | Identified the +8 dagger "Nayrioqem" {elec, rElec rN+++
                  | Str-5 Stlth+} (You found it on level 5 of the Dungeon)
   580 | D:5      | Reached skill level 8 in Stealth
   580 | D:5      | Reached XP level 4. HP: 30/39 MP: 4/4
   585 | D:5      | Reached XP level 5. HP: 35/46 MP: 5/5
   623 | D:5      | Noticed a slave
   624 | D:5      | Noticed Pikel
   624 | D:5      | Noticed a slave
   624 | D:5      | Noticed a slave
   685 | D:5      | Noticed a slave
   702 | D:5      | Killed a slave
   951 | D:5      | Noticed an ice beast
  1066 | D:4      | Reached skill level 9 in Stealth
  1078 | D:4      | Reached skill level 1 in Dodging
  1263 | D:1      | Reached * piety under Dithmenos
  1770 | D:2      | Reached ** piety under Dithmenos
  1772 | D:2      | Reached XP level 6. HP: 55/55 MP: 6/6
  3127 | D:4      | Noticed a moth of wrath
  3130 | D:4      | Found a bloodstained altar of Trog.
  3655 | D:6      | Found a staircase to the Ecumenical Temple.
  3681 | D:6      | Found a glowing drain.
  3706 | D:6      | Reached skill level 10 in Stealth
  3716 | Sewer    | Entered a sewer
  4373 | D:6      | Reached skill level 1 in Armour
  4373 | D:6      | Reached XP level 7. HP: 46/62 MP: 7/7
  4484 | D:6      | Reached *** piety under Dithmenos
  4537 | Temple   | Entered the Ecumenical Temple
  4541 | Temple   | Reached skill level 11 in Stealth
  4646 | D:6      | Reached XP level 8. HP: 68/69 MP: 8/8
  4686 | D:6      | Found an ancient bone altar of Kikubaaqudgha.
  4809 | D:6      | Found a shattered altar of Ashenzari.
  5082 | D:6      | Learned a level 1 spell: Apportation
  5379 | D:5      | Killed Pikel
  5379 | D:5      | Reached skill level 5 in Short Blades
  5379 | D:5      | Reached skill level 12 in Stealth
  5379 | D:5      | Reached skill level 1 in Translocations
  5394 | D:5      | Reached XP level 9. HP: 34/78 MP: 9/9
  6349 | D:7      | Noticed Harold
  6352 | D:7      | Killed Harold
  6352 | D:7      | Reached skill level 13 in Stealth
  6644 | D:7      | Found a sacrificial altar of Ru.
  6690 | D:7      | Found a white marble altar of Elyvilon.
  7089 | D:8      | Noticed Joseph
  7135 | D:8      | Found a flagged portal.
  7135 | D:8      | Noticed a two-headed ogre
  7135 | D:8      | Noticed a two-headed ogre
  7142 | D:8      | Slain by a two-headed ogre

Illustrated notes

Levels and vault maps discovered:
D:1:      dpeg_arrival_snail, layout_basic
D:2:      layout_basic, chequers_temple_overflow_statue_of_worship,
          minmay_hedge_maze, minmay_misc_feat_five
D:3:      layout_basic
D:4:      layout_loops_ring, tgw_trog, first_ration, minmay_distorted
D:5:      layout_basic, kennysheep_nub, minmay_fractal_squares_diagonal_5,
          uniq_pikel
D:6:      layout_loops_ring, kennysheep_mini_moat,
          minmay_temple_entry_overgrown, gup_sewer_entry_glass,
          cheibrodos_ashenzari_chains
D:7:      layout_layer_cave, nicolae_overflow_crystal_walls,
          lemuel_doored_altar, uniq_harold
D:8:      layout_rooms, enter_bailey_6, uniq_joseph
Temple:   eino_narrow_crystal_temple

Skill      XL: |  1  2  3  4  5  6  7  8  9 |
---------------+----------------------------+-----
Stealth        | 6 7 8 9 10 11 12 13 | 13.6
Throwing       | 2 |  2.1
Dodging        | 1 2 3 |  3.6
Short Blades   | 3 4 5 6 |  6.9
Fighting       | 3 4 |  4.2
Armour         | 1 2 3 |  3.4
Translocations | 1 3 |  3.0

Action                   |  1- 3 |  4- 6 |  7- 9 || total
-------------------------+-------+-------+-------++-------
Melee: Dagger            |    19 |   225 |   130 ||   374
Throw: Dart              |     1 |     2 |     2 ||     5
Invok: Shadow Step       |       |       |     1 ||     1
  Use: Scroll            |     1 |     6 |     4 ||    11
       Potion            |       |       |     1 ||     1
 Stab: Sleeping          |     4 |    21 |    15 ||    40
       Distracted        |     1 |     1 |       ||     2
  Eat: Ration            |       |     3 |     2 ||     5
       Chunk             |       |       |     3 ||     3
Armor: Robe              |     2 |    30 |       ||    32
       Leather armour    |       |    14 |    55 ||    69
Dodge: Dodged            |     6 |   115 |    78 ||   199
